 Dungeon Crawl Stone Soup version 0.22-a0-348-gd16d139 (webtiles) character file.

1413 Goblin1989 the Jinx (level 8, -5/57 HPs)
             Began as a Vampire Enchanter on Apr 9, 2018.
             Was an Initiate of Gozag.
             Killed from afar by an orc wizard (6 damage)
             ... with a puff of frost
             ... on level 7 of the Dungeon.
             The game lasted 00:21:21 (6850 turns).

Goblin1989 the Jinx (Vampire Enchanter)             Turns: 6850, Time: 00:21:23

Health: -5/57      AC:  5    Str: 11    XL:     8   Next: 43%
Magic:  5/11       EV: 14    Int: 18    God:    Gozag
Gold:   435        SH:  0    Dex: 18    Spells: 2/11 levels left

rFire    . . .     SeeInvis +   a - +1 dagger
rCold    + . .     Gourm    .   (no shield)
rNeg     + + +     Faith    .   b - +0 robe
rPois    +         Spirit   .   (no helmet)
rElec    .         Reflect  .   (no cloak)
rCorr    .         Harm     .   u - +2 pair of gloves
MR       .....                  (no boots)
Stlth    +++++.....             (no amulet)
HPRegen  0.09/turn              B - +4 ring of strength
MPRegen  0.12/turn              O - ring of positive energy

@: lethally poisoned (-5 -> -7), regenerating slowly
A: fangs 3, see invisible, agile 1, mutation resistance 1, unbreathing, no
potion heal 1
a: Bat Form, Potion Petition, Call Merchant, Bribe Branch, Renounce Religion


You were on level 7 of the Dungeon.
You worshipped Gozag.
Gozag was aware of your devotion.
You were thirsty.

You visited 2 branches of the dungeon, and saw 8 of its levels.

You collected 519 gold pieces.
You paid 84 gold pieces to Gozag.

Inventory:

Hand Weapons
 a - a +1 dagger (weapon)
 w - a +0 blowgun {@w1}
 R - a +0 dagger of pain
Armour
 b - a +0 robe (worn)
 u - a +2 pair of gloves (worn)
 H - a scarf of spirit shield
 S - a +0 cloak
Jewellery
 B - a +4 ring of strength (left hand)
 O - a ring of positive energy (right hand)
Scrolls
 s - 2 scrolls of amnesia {unknown}
 t - 4 scrolls of remove curse {unknown}
 x - a scroll of magic mapping {unknown}
 y - 2 scrolls of fog {unknown}
 A - 4 scrolls of teleportation {unknown}
 E - 2 scrolls of blinking {unknown}
 F - 6 scrolls of identify {unknown}
 K - a scroll of enchant weapon {unknown}
 M - a scroll of noise {unknown}
 P - a scroll of enchant armour {unknown}
 Q - a scroll of immolation {unknown}
 T - a scroll of fear {unknown}


   Skills:
 + Level 2.3 Fighting
 * Level 7.0 Short Blades
 + Level 4.0 Dodging
 + Level 8.2 Stealth
 - Level 2.0 Spellcasting
 + Level 9.0 Hexes


You had 2 spell levels left.
You knew the following spells:

 Your Spells              Type           Power        Failure   Level  Hunger
a - Corona                Hex            ####...      1%          1    #......
t - Tukima's Dance        Hex            ####....     1%          3    ###....
x - Confuse               Hex            ####....     1%          3    ###....
z - Ensorcelled Hibernat  Hex/Ice        ###...       4%          2    ###....


Dungeon Overview and Level Annotations

Branches:
Dungeon (7/15)             Temple (1/1) D:4

Altars:
Ashenzari
Cheibriados
Dithmenos
Elyvilon
Fedhas
Gozag
Hepliaklqana
Makhleb
Okawaru
Qazlal
Sif Muna
Vehumet
Wu Jian
Xom
Yredelemnul
The Shining One

Shops:
D:7 %

Annotations:
D:5 exclusion: 3 slaves, Amnesiac's ghost, novice VSGl


Innate Abilities, Weirdness & Mutations

You heal slowly.
You have razor-sharp teeth.
You have supernaturally acute eyesight. (SInv)
You can survive without breathing.
You are agile. (Dex +2)
You are somewhat resistant to further mutation.
Potions are less effective at restoring your health.


Message History

The orc is moderately wounded.
The orc hits you with a flail.
You take 6 damage, and have 36/57 hp.
You barely miss the orc.
The orc is moderately wounded.
The orc throws a tomahawk.
The tomahawk barely misses you.
You barely miss the orc.
The orc is moderately wounded.
You feel sick. The orc misses you.
You hit the orc.
The orc is heavily wounded.
The orc throws a tomahawk.
The tomahawk hits you.
You hit the orc. Your bite misses the orc.
The orc is almost dead.
You feel sick. The orc barely misses you.
You are too injured to fight recklessly!
You are too injured to fight recklessly!
You are too injured to fight recklessly!
You take 2 damage, and have 34/57 hp.
You are too injured to fight recklessly!
You are too injured to fight recklessly!
You are too injured to fight recklessly!
You are too injured to fight recklessly!
You are too injured to fight recklessly!
You are too injured to fight recklessly!
You are too injured to fight recklessly!
You are too injured to fight recklessly!
You are too injured to fight recklessly!
You are too injured to fight recklessly!
You are too injured to fight recklessly!
You are too injured to fight recklessly!
You are too injured to fight recklessly!
You are too injured to fight recklessly!
You are too injured to fight recklessly!
You are too injured to fight recklessly!
You are too injured to fight recklessly!
You are too injured to fight recklessly!
You are too injured to fight recklessly!
You are too injured to fight recklessly!
You are too injured to fight recklessly!
You are too injured to fight recklessly!
You are too injured to fight recklessly!
You are too injured to fight recklessly!
You are too injured to fight recklessly!
You are too injured to fight recklessly!
You are too injured to fight recklessly!
You are too injured to fight recklessly!
Unknown command.
You hit the orc.
You kill the orc!
You feel sick.
You take 1 damage, and have 33/57 hp.
You are feeling thirsty.
You feel sick. The orc wizard casts a spell at you. The magic dart hits you!
You take 8 damage, and have 26/57 hp.
You feel sick.
You take 1 damage, and have 25/57 hp.
The orc wizard begins to cast a cantrip, but forgets the words!
You feel sick.
The orc wizard gestures at you while chanting.
The puff of frost hits you! You resist.
* * * LOW HITPOINT WARNING * * *
You take 5 damage, and have 20/57 hp.
The orc wizard misses you. The orc wizard hits you with a dagger.
* * * LOW HITPOINT WARNING * * *
You take 4 damage, and have 16/57 hp.
You feel sick. The orc wizard hits you with a dagger.
* * * LOW HITPOINT WARNING * * *
You take 2 damage, and have 15/57 hp.
The orc wizard gestures at you while chanting.
The magic dart hits you!
* * * LOW HITPOINT WARNING * * *
You take 8 damage, and have 7/57 hp.
Casting: Confuse (safe; 1% risk of failure)
Confirm with . or Enter, or press ? or * to list all spells.
Aiming: Confuse (safe; 1% risk of failure)
Press: ? - help, Shift-Dir - straight line, f - orc wizard
Aim: an orc wizard, wielding a dagger and wearing a robe (fast, slightly transparent, chance to defeat MR: 62%)
The orc wizard resists with significant effort.
The hippogriff screeches!
The orc wizard points at you and mumbles some strange words.
The magic dart hits you!
* * * LOW HITPOINT WARNING * * *
You take 5 damage, and have 2/57 hp.
You now have 8/11 mp.
You aren't carrying any potions.
Unknown command.
Casting: Confuse (safe; 1% risk of failure)
Confirm with . or Enter, or press ? or * to list all spells.
Aiming: Confuse (safe; 1% risk of failure)
Press: ? - help, Shift-Dir - straight line, f/p - orc wizard
Aim: an orc wizard, wielding a dagger and wearing a robe (fast, slightly transparent, chance to defeat MR: 62%)
The orc wizard resists with significant effort.
* * * LOW HITPOINT WARNING * * *
You feel sick.
The orc wizard gestures at you while chanting.
The puff of frost hits you! You resist.
You die...
Your body crumbles into a pile of gold.

.██ .H. ..█ ██.. █.█
...█ █.█ █..██.████
█.█.....█ █....██.█
█...H..███████
█..█...ooo@..█████
██.█..█████.█....█
█..........█.██.█
██...████..█.██.█
█...(......█.██.█
█.█....█...█.██.█████
█......███...██.█..<█
███.......███████.█.███
█$(.......█ █...█


You could see a hippogriff, an orc wizard (invisible) and 2 orcs.

Vanquished Creatures
  A hippogriff (D:7)
  A hungry ghost (D:7)
  An ogre (D:5)
  2 centaurs
  A bullfrog (D:6)
  A scorpion (D:5)
  6 killer bees (D:6)
  3 wights (D:7)
  A bullfrog zombie (D:6)
  3 hounds
  An orc priest (D:3)
  A bullfrog skeleton (D:7)
  2 orc wizards
  An iguana (D:4)
  An adder (D:2)
  An ooze (D:3)
  A dart slug (D:4)
  A worm (D:3)
  4 leopard geckos
  11 orcs
  6 bats
  2 giant cockroaches (D:1)
  8 goblins
  14 hobgoblins
  8 jackals
  A quokka (D:7)
  5 frilled lizards
  13 kobolds
  8 rats
109 creatures vanquished.

Vanquished Creatures (collateral kills)
  2 wights (D:7)
  An orc wizard (D:6)
3 creatures vanquished.

Vanquished Creatures (others)
  A dancing weapon (D:7)
1 creature vanquished.

Grand Total: 113 creatures vanquished

Notes
Turn   | Place    | Note
-------+----------+-------------------------------------------
     0 | D:1      | Goblin1989 the Vampire Enchanter began the quest for the Orb.
     0 | D:1      | Reached XP level 1. HP: 13/13 MP: 3/3
   539 | D:1      | Reached XP level 2. HP: 19/19 MP: 5/5
   962 | D:1      | Reached skill level 5 in Hexes
  1230 | D:1      | Learned a level 2 spell: Ensorcelled Hibernation
  1717 | D:1      | Reached XP level 3. HP: 10/24 MP: 6/6
  2012 | D:1      | Reached skill level 5 in Stealth
  2257 | D:2      | Found a shattered altar of Ashenzari.
  2348 | D:2      | Learned a level 3 spell: Confuse
  2497 | D:2      | Found a burning altar of Makhleb.
  2497 | D:2      | Noticed an Executioner
  2500 | D:2      | Noticed a hellwing
  2500 | D:2      | Noticed a smoke demon
  2909 | D:3      | Reached XP level 4. HP: 30/30 MP: 7/7
  3303 | D:3      | Reached skill level 6 in Hexes
  3361 | D:3      | Found an iron altar of Okawaru.
  3585 | D:4      | Reached XP level 5. HP: 32/35 MP: 8/8
  4008 | D:4      | Found a shadowy altar of Dithmenos.
  4380 | D:4      | Found a staircase to the Ecumenical Temple.
  4387 | Temple   | Entered the Ecumenical Temple
  4395 | Temple   | Became a worshipper of Gozag Ym Sagoz the Greedy
  4406 | D:4      | Found a white marble altar of Elyvilon.
  4406 | D:4      | Found a shimmering altar of Xom.
  4406 | D:4      | Found a radiant altar of Vehumet.
  4406 | D:4      | Found a blossoming altar of Fedhas.
  4407 | D:4      | Found a snail-covered altar of Cheibriados.
  4407 | D:4      | Found a shimmering altar of Xom.
  4408 | D:4      | Found an ornate altar of the Wu Jian Council.
  4408 | D:4      | Found a white marble altar of Elyvilon.
  4408 | D:4      | Found a basalt altar of Yredelemnul.
  4408 | D:4      | Found a blossoming altar of Fedhas.
  4408 | D:4      | Found a hazy altar of Hepliaklqana.
  4408 | D:4      | Found a stormy altar of Qazlal.
  4435 | D:5      | Entered Level 5 of the Dungeon
  4435 | D:5      | Found a deep blue altar of Sif Muna.
  4435 | D:5      | Noticed Amnesiac's ghost (novice VSGl)
  4472 | D:5      | Noticed a phantom
  4536 | D:5      | Noticed a centaur
  4551 | D:5      | Killed a centaur
  4551 | D:5      | Reached skill level 7 in Hexes
  4551 | D:5      | Reached XP level 6. HP: 31/41 MP: 2/9
  4625 | D:5      | Noticed an ice beast
  4723 | D:5      | Gained mutation: Potions are less effective at restoring your health. [potion of mutation]
  4723 | D:5      | Gained mutation: You are agile. (Dex +2) [potion of mutation]
  4723 | D:5      | Gained mutation: You are somewhat resistant to further mutation. [potion of mutation]
  4724 | D:5      | HP: 2/41 [scorpion (2)]
  4730 | D:5      | Noticed a slave
  4730 | D:5      | Noticed a slave
  4730 | D:5      | Noticed a slave
  5227 | D:6      | Reached skill level 5 in Short Blades
  5234 | D:6      | Learned a level 3 spell: Tukima's Dance
  5705 | D:6      | Reached XP level 7. HP: 44/46 MP: 6/10
  5708 | D:6      | Reached skill level 8 in Hexes
  5820 | D:6      | Reached skill level 1 in Fighting
  6041 | D:7      | Found Lymouph's Food Emporium.
  6239 | D:7      | Reached XP level 8. HP: 31/55 MP: 1/11
  6283 | D:7      | Noticed a hippogriff
  6405 | D:7      | HP: 2/56 [worker ant (1)]
  6765 | D:7      | Noticed a hippogriff
  6767 | D:7      | Killed a hippogriff
  6805 | D:7      | Reached skill level 9 in Hexes
  6849 | D:7      | HP: 2/57 [orc wizard/magic dart (5)]
  6850 | D:7      | Killed from afar by an orc wizard

Vault maps used:
D:1:      dpeg_arrival_circle_labyrinth_a
D:2:      old_standard_altar, makhleb_altar_promises_db
D:3:      okawaru_metal_pillars_3, serial_glass, glass_columns_b,
          glass_columns_c, glass_columns_c, glass_columns_c, glass_columns_a,
          glass_columns_c
D:4:      lemuel_crystal_altar, temple_doors_ab, first_ration
D:5:      zin_purify, serial_shops, nicolae_shop_waterfront, shop_fountains,
          shop, nicolae_shop_statue_plus, shop, basic_altar, uniq_pikel,
          uniq_crazy_yiuf_cottage
D:7:      serial_shops, shop
Temple:   eino_temple_lava

Skill      XL: |  1  2  3  4  5  6  7  8 |
---------------+-------------------------+-----
Short Blades   | 2 3 4 5 6 7 |  7.0
Hexes          | 5 6 7 8 9 |  9.0
Stealth        | 5 6 7 8 |  8.2
Fighting       | 1 2 |  2.3
Dodging        | 3 4 |  4.0
Spellcasting   | |  2.0

Action                   |  1- 3 |  4- 6 |  7- 9 || total
-------------------------+-------+-------+-------++-------
Melee: Dagger            |   194 |   151 |   182 ||   527
       Bite              |    10 |    12 |    19 ||    41
 Cast: Corona            |     3 |     1 |     1 ||     5
       Ensorcelled Hiber |     5 |    11 |     5 ||    21
       Confuse           |       |    10 |    19 ||    29
       Tukima's Dance    |       |       |     6 ||     6
Invok: Potion Petition   |       |       |     1 ||     1
  Use: Potion            |     4 |     7 |    15 ||    26
 Stab: Sleeping          |    18 |    13 |     4 ||    35
       Confused          |       |     3 |     7 ||    10
       Invisible         |       |     1 |     1 ||     2
       Distracted        |       |       |     2 ||     2
Armor: Robe              |    30 |    25 |    31 ||    86
Dodge: Dodged            |   120 |    63 |   104 ||   287

Table legend:
 A = Spawn XP
 B = Non-spawn XP
 C = Spawn XP percentage of total XP
 D = Spawn monster count
 E = Non-spawn monster count
 F = Spawn count percentage of total count
 G = Total turns spent on level
                    A         B        C        D         E        F      G
               +---------+---------+-------+---------+---------+-------+---------
         Total |       0 |    2019 |   0.0 |       0 |     112 |   0.0 |  6850
               +---------+---------+-------+---------+---------+-------+---------
           D:1 |       0 |      55 |   0.0 |       0 |      33 |   0.0 |  2174
           D:2 |       0 |      34 |   0.0 |       0 |      13 |   0.0 |   622
           D:3 |       0 |      83 |   0.0 |       0 |      20 |   0.0 |   745
           D:4 |       0 |     170 |   0.0 |       0 |       7 |   0.0 |   974
           D:5 |       0 |     292 |   0.0 |       0 |       4 |   0.0 |   228
           D:6 |       0 |     546 |   0.0 |       0 |      18 |   0.0 |  1577
           D:7 |       0 |     839 |   0.0 |       0 |      17 |   0.0 |   513
               +---------+---------+-------+---------+---------+-------+---------

Vault maps used:
D:1:      dpeg_arrival_circle_labyrinth_a
D:2:      old_standard_altar, makhleb_altar_promises_db
D:3:      okawaru_metal_pillars_3, serial_glass, glass_columns_b,
          glass_columns_c, glass_columns_c, glass_columns_c, glass_columns_a,
          glass_columns_c
D:4:      lemuel_crystal_altar, temple_doors_ab, first_ration
D:5:      zin_purify, serial_shops, nicolae_shop_waterfront, shop_fountains,
          shop, nicolae_shop_statue_plus, shop, basic_altar, uniq_pikel,
          uniq_crazy_yiuf_cottage
D:7:      serial_shops, shop
Temple:   eino_temple_lava
